 Dungeon Crawl Stone Soup version 0.23.2-1-ga50397a6bc (webtiles) character file.

Game seed: 13323978703879081691

1328 Masnef the Sneak (level 8, -4/56 HPs)
             Began as a Formicid Enchanter on May 24, 2019.
             Was an Initiate of Vehumet.
             Slain by a komodo dragon (30 damage)
             ... on level 7 of the Dungeon.
             The game lasted 00:37:06 (9970 turns).

Masnef the Sneak (Formicid Enchanter)               Turns: 9970, Time: 00:37:06

Health: -4/56      AC:  9    Str: 18    XL:     8   Next: 91%
Magic:  0/11       EV: 12    Int: 17    God:    Vehumet [......]
Gold:   28         SH:  0    Dex: 11    Spells: 1/12 levels left

rFire    + . .     SeeInvis +   D - +4 war axe (chop)
rCold    x . .     Gourm    .   (no shield)
rNeg     . . .     Faith    .   j - +3 leather armour
rPois    +         Spirit   .   (helmet unavailable)
rElec    .         Reflect  .   p - +0 cloak
rCorr    .         Harm     .   (no gloves)
MR       .....                  f - +1 pair of boots
Stlth    +++.......             (no amulet)
HPRegen  0.18/turn              r - ring of fire
MPRegen  0.12/turn              y - ring of poison resistance

@: mighty, very slightly contaminated
A: permanent stasis, dig shafts and tunnels, four strong arms, antennae 3
a: Dig, Shaft Self, Renounce Religion


You were on level 7 of the Dungeon.
You worshipped Vehumet.
Vehumet was noncommittal.
You were very hungry.

You visited 2 branches of the dungeon, and saw 8 of its levels.

You collected 308 gold pieces.
You spent 280 gold pieces at shops.

Inventory:

Hand Weapons
 a - a +2 dagger
 i - a +0 hand axe
 m - a +0 hunting sling of freezing
 v - a +0 rapier
 B - a +0 scythe
 D - a +4 war axe of chopping (weapon)
Missiles
 l - 9 tomahawks
 o - 253 stones (quivered)
 E - 9 sling bullets
Armour
 b - a +0 robe
 f - a +1 pair of boots (worn)
 j - a +3 leather armour (worn)
 n - a +0 leather armour of fire resistance
 p - a +0 cloak (worn)
 u - the +0 leather armour of Ysodghas {*Slow rElec rN++ Str-2}
   (You found it on level 5 of the Dungeon)

   It affects your strength (-2).
   It insulates you from electricity.
   It greatly protects you from negative energy.
   It may slow you when you take damage.
Jewellery
 r - a ring of fire (left hand)
 x - an uncursed amulet of harm {unknown}
 y - a ring of poison resistance (right hand)
Wands
 C - a wand of flame (15)
Scrolls
 t - 2 scrolls of remove curse
Potions
 c - a potion of lignification {unknown}
 h - a potion of flight {unknown}
 k - a potion of agility {unknown}
 q - a potion of degeneration {unknown}
 s - a potion of ambrosia {unknown}
 w - a potion of haste {unknown}
 z - a potion of invisibility {unknown}
 A - a potion of curing {unknown}
Comestibles
 d - 7 rations


   Skills:
 + Level 2.3 Fighting
 + Level 4.6 Short Blades
 * Level 1.0 Axes
 - Level 2.3 Slings
 - Level 2.0 Armour
 * Level 2.8 Dodging
 + Level 7.6 Stealth
 * Level 2.5 Spellcasting
 - Level 1.0 Conjurations
 + Level 7.2 Hexes


You had one spell level left.
You knew the following spells:

 Your Spells              Type           Power        Failure   Level  Hunger
a - Tukima's Dance        Hex            ####....     3%          3    ###....
b - Ensorcelled Hibernat  Hex/Ice        ##....       8%          2    ##.....
c - Confuse               Hex            ####....     3%          3    ###....
d - Dazzling Spray        Conj/Hex       ###...       12%         3    ###....

Your spell library contained the following spells:

 Spells                   Type           Power        Failure   Level  Hunger
 Confusing Touch          Hex            ####..       1%          1    #......
 Corona                   Hex            ####...      1%          1    #......
 Flame Tongue             Conj/Fire      #....        19%         1    #......
 Animate Skeleton         Necr           N/A          22%         1    #......
 Apportation              Tloc           #.....       22%         1    #......
 Summon Small Mammal      Summ           #...         22%         1    #......
 Inner Flame              Hex/Fire       ###.....     16%         3    ###....
 Throw Flame              Conj/Fire      #.....       26%         2    ##.....
 Conjure Flame            Conj/Fire      #.......     47%         3    ###....
 Sticky Flame             Conj/Fire      #.......     87%         4    #####..
 Bolt of Magma            Conj/Fire/Erth #.........   99%         5    ######.
 Fireball                 Conj/Fire      #.........   99%         5    ######.
 Iskenderun's Battlesphe  Conj/Chrm      #.......     99%         5    ######.
 Venom Bolt               Conj/Pois      #.........   99%         5    ######.
 Iron Shot                Conj/Erth      #.........   100%        6    #######
 Orb of Destruction       Conj           #.........   100%        7    #######
 Spellforged Servitor     Conj/Summ      #.........   100%        7    #######


Dungeon Overview and Level Annotations

Branches:
Dungeon (7/15)             Temple (1/1) D:5

Altars:
Ashenzari
Dithmenos
Gozag
Hepliaklqana
Kikubaaqudgha
Nemelex Xobeh
Ru
Trog
Vehumet
Wu Jian
Zin

Shops:
D:4 :

Annotations:
D:4 exclusion: statue


Innate Abilities, Weirdness & Mutations

You cannot be hasted, slowed, berserked, paralysed or teleported.
You can dig through walls and to a lower floor.
Your four strong arms can wield two-handed weapons with a shield.
You have a pair of large antennae on your head. (SInv)


Message History

It was a potion of heal wounds.
You feel much better. The komodo dragon bites you!
* * * LOW HITPOINT WARNING * * *
You feel much better. The komodo dragon bites you!
Casting: Ensorcelled Hibernation (safe; 9% risk of failure)
Confirm with . or Enter, or press ? or * to list all spells.
Aiming: Ensorcelled Hibernation (safe; 9% risk of failure)
Press: ? - help, Shift-Dir - straight line, f/p - komodo dragon
Aim: a komodo dragon (lightly wounded, chance to defeat MR: 28%)
The komodo dragon easily resists.
The komodo dragon bites you.
Okay, then.
You feel very mighty all of a sudden.
Wield which item (- for none, * to show all)? (? for menu, Esc to quit)
D - a +4 war axe of chopping (weapon)
The komodo dragon bites you but does no damage.
You hit the komodo dragon.
The komodo dragon is lightly wounded.
The komodo dragon bites you!!
Ouch! That really hurt!
You die...

##..........# #.# ####
##...........# #.#
#............# ###.#
##...........# #...#
#..[........# ##...#
#...........# #.<..# #
#...........# #....## #
#...........####.....#
###.........####@l.....##
.#......................##
.............#####.......##
..........#### ##....#..##
### ..#.......######
#....##..####..
...............##
##...###.......
..#.............# ##.##
##...... ####............##
### ##.......
#.....).......# #........


You could see a komodo dragon.

Vanquished Creatures
  A phantom (D:4)
  2 centaurs (D:5)
  An ogre (D:5)
  2 bullfrogs
  A scorpion (D:6)
  A howler monkey (D:5)
  2 crimson imps
  2 hounds (D:4)
  4 orc priests
  4 orc wizards
  A centaur skeleton (D:5)
  2 iguanas
  A worker ant (D:7)
  2 gnolls
  10 adders
  3 oozes
  2 worms
  A dart slug (D:1)
  9 leopard geckos
  18 orcs
  4 bats
  5 giant cockroaches
  8 goblins
  5 hobgoblins
  21 jackals
  11 kobolds
  4 quokkas
  A ball python (D:1)
  5 frilled lizards
  A leopard gecko skeleton (D:4)
  A quokka zombie (D:5)
  5 rats (D:1)
140 creatures vanquished.

Vanquished Creatures (collateral kills)
  Blork the orc (D:6)
  A gnoll (D:6)
2 creatures vanquished.

Vanquished Creatures (others)
  A dancing weapon (D:6)
1 creature vanquished.

Grand Total: 143 creatures vanquished

Notes
Turn   | Place    | Note
-------+----------+-------------------------------------------
     0 | D:1      | Masnef the Formicid Enchanter began the quest for the Orb.
     0 | D:1      | Reached XP level 1. HP: 13/13 MP: 3/3
   324 | D:1      | Reached XP level 2. HP: 18/19 MP: 1/5
   328 | D:1      | Learned a level 2 spell: Ensorcelled Hibernation
   715 | D:1      | You fall through a shaft!
  1105 | D:2      | Reached XP level 3. HP: 13/24 MP: 6/6
  1256 | D:2      | Noticed a centaur
  1592 | D:1      | Reached XP level 4. HP: 23/30 MP: 2/7
  1933 | D:1      | Reached skill level 5 in Stealth
  2359 | D:2      | Reached XP level 5. HP: 36/36 MP: 1/8
  2552 | D:2      | Learned a level 3 spell: Confuse
  2798 | D:2      | Reached skill level 1 in Fighting
  3288 | D:3      | Found a shattered altar of Ashenzari.
  3644 | D:2      | Reached skill level 5 in Hexes
  3644 | D:2      | Reached XP level 6. HP: 38/43 MP: 0/9
  3855 | D:3      | Found a glowing silver altar of Zin.
  4150 | D:3      | Reached skill level 1 in Slings
  4362 | D:3      | Found a sacrificial altar of Ru.
  4362 | D:3      | Found an ancient bone altar of Kikubaaqudgha.
  4606 | D:4      | Found Exiupnel's Book Boutique.
  4627 | D:4      | Learned a level 3 spell: Dazzling Spray
  5089 | D:4      | Found a radiant altar of Vehumet.
  5095 | D:4      | Became a worshipper of Vehumet
  5217 | D:4      | Noticed a phantom
  5225 | D:4      | Reached XP level 7. HP: 48/48 MP: 10/10
  5666 | D:4      | Reached skill level 1 in Conjurations
  5845 | D:5      | Entered Level 5 of the Dungeon
  6155 | D:5      | Reached skill level 1 in Armour
  6277 | D:5      | Got a spiked leather armour
  6288 | D:5      | Identified the cursed +0 leather armour of Ysodghas {*Slow
                  | rElec rN++ Str-2} (You found it on level 5 of the Dungeon)
  6453 | D:5      | Reached XP level 8. HP: 55/55 MP: 11/11
  6674 | D:5      | Found a staircase to the Ecumenical Temple.
  6685 | Temple   | Entered the Ecumenical Temple
  7193 | D:6      | Found an opulent altar of Gozag.
  7242 | D:6      | Found an ornate altar of the Wu Jian Council.
  8130 | D:5      | Learned a level 3 spell: Tukima's Dance
  8928 | D:6      | Noticed Blork the orc
  8937 | D:6      | Killed Blork the orc
  9103 | D:6      | Found a sparkling altar of Nemelex Xobeh.
  9547 | D:7      | Noticed a komodo dragon
  9732 | D:4      | Bought a book of Cantrips for 280 gold pieces
  9875 | D:7      | Reached skill level 1 in Axes
  9970 | D:7      | Slain by a komodo dragon

Skill      XL: |  1  2  3  4  5  6  7  8 |
---------------+-------------------------+-----
Hexes          | 4 5 6 7 |  7.2
Stealth        | 4 5 6 7 |  7.6
Dodging        | 2 |  2.8
Fighting       | 1 2 |  2.3
Short Blades   | 2 3 4 |  4.6
Slings         | 2 |  2.3
Conjurations   | 1 |  1.0
Armour         | 1 2 |  2.0
Axes           | 1 |  1.0
Spellcasting   | |  2.5

Action                   |  1- 3 |  4- 6 |  7- 9 || total
-------------------------+-------+-------+-------++-------
Melee: Dagger            |    81 |   160 |   183 ||   424
       Rapier            |       |       |    44 ||    44
       War axe           |       |       |    14 ||    14
       Scythe            |       |       |     1 ||     1
 Fire: Hunting sling     |       |    90 |    30 ||   120
 Cast: Corona            |     7 |     3 |       ||    10
       Ensorcelled Hiber |    10 |    34 |    25 ||    69
       Confuse           |       |       |    17 ||    17
       Tukima's Dance    |       |       |     8 ||     8
       Dazzling Spray    |       |       |     8 ||     8
 Abil: Shaft Self        |     1 |       |       ||     1
  Use: Scroll            |       |     5 |     5 ||    10
       Potion            |       |       |     4 ||     4
 Stab: Sleeping          |    12 |    29 |    16 ||    57
       Confused          |       |       |     6 ||     6
  Eat: Chunk             |     3 |    14 |    13 ||    30
       Ration            |       |       |     2 ||     2
Armor: Robe              |    11 |    12 |     4 ||    27
       Leather armour    |       |    24 |    77 ||   101
Dodge: Dodged            |    53 |   117 |   140 ||   310
